 Dungeon Crawl Stone Soup version 0.22-a0-605-g9281fa2 (webtiles) character file.

1375 sking99 the Martial Artist (level 8, -2/63 HPs)
             Began as a Yellow Draconian Transmuter on July 8, 2018.
             Was a Believer of Nemelex Xobeh.
             Slain by a killer bee (6 damage)
             ... on level 7 of the Dungeon.
             The game lasted 00:14:26 (8403 turns).

sking99 the Martial Artist (DrTm)                   Turns: 8403, Time: 00:14:27

Health: -2/63      AC:  6    Str: 12    XL:     8   Next: 39%
Magic:  11/11      EV: 12    Int: 16    God:    Nemelex Xobeh [**....]
Gold:   339        SH:  2    Dex: 12    Spells: 3/11 levels left

rFire    . . .     SeeInvis .     - Unarmed
rCold    . . .     Gourm    .   (no shield)
rNeg     . . .     Faith    .   (armour unavailable)
rPois    .         Spirit   .   (helmet restricted)
rElec    .         Reflect  +   (no cloak)
rCorr    +         Harm     .   (no gloves)
MR       .....                  (no boots)
Stlth    +.........             j - +2 amulet of reflection
HPRegen  0.20/turn              (no ring)
MPRegen  0.12/turn              (no ring)

@: lethally poisoned (-2 -> -9)
A: spit acid, acid resistance, unfitting armour, hooves 1, clever 1, clumsy 1,
evolution 1, cold-blooded, AC +6
a: Breathe Acid, Renounce Religion


You were on level 7 of the Dungeon.
You worshipped Nemelex Xobeh.
Nemelex Xobeh was pleased with you.
You were not hungry.

You visited 1 branch of the dungeon, and saw 7 of its levels.

You collected 339 gold pieces.

Inventory:

Missiles
 a - 106 arrows
Jewellery
 j - a +2 amulet of reflection (around neck)
 y - a +2 ring of dexterity {unknown}
Wands
 k - a wand of flame (11)
 u - a wand of disintegration (10)
Scrolls
 b - 2 scrolls of magic mapping
 l - a scroll of enchant armour {unknown}
 m - 2 scrolls of remove curse
 n - a scroll of blinking
 p - 2 scrolls of enchant weapon
 r - a scroll of immolation {unknown}
 t - 4 scrolls of teleportation {unknown}
Potions
 f - 2 potions of brilliance
 g - a potion of invisibility
 h - 2 potions of magic
 i - a potion of haste
 o - a potion of resistance
 s - a potion of degeneration {unknown}
 v - a potion of berserk rage {unknown}
Miscellaneous
 q - an ornate deck of escape {drawn: 1}
 z - a plain deck of destruction
Comestibles
 c - 12 rations
 x - a chunk of flesh


   Skills:
 - Level 3.5 Fighting
 - Level 1.7 Dodging
 * Level 8.3 Unarmed Combat
 - Level 2.0 Spellcasting
 + Level 4.6 Transmutations
 + Level 4.3 Invocations


You had 3 spell levels left.
You knew the following spells:

 Your Spells              Type           Power        Failure   Level  Hunger
a - Beastly Appendage     Tmut           ###...       3%          1    #......
b - Sticks to Snakes      Tmut           ###.....     4%          2    ###....
c - Blade Hands           Tmut           ###.......   65%         5    ######.

Your spell library contained the following spells:

 Spells                   Type           Power        Failure   Level  Hunger
 Apportation              Tloc           #.....       21%         1    #......
 Summon Small Mammal      Summ           #...         21%         1    #......
 Animate Skeleton         Necr           N/A          21%         1    #......
 Spider Form              Tmut/Pois      #.........   24%         3    ###....
 Ice Form                 Ice/Tmut       #.......     63%         4    #####..
 Confusing Touch          Hex            #.....       21%         1    #......


Dungeon Overview and Level Annotations

Branches:
Dungeon (7/15)             Temple (0/1) D:6

Altars:
Nemelex Xobeh
Yredelemnul

Annotations:
D:2 2 transporters


Innate Abilities, Weirdness & Mutations

You can spit globs of acid.
You are resistant to acid.
Your golden yellow scales are hard. (AC +6)
You cannot fit into any form of body armour.
You are cold-blooded and may be slowed by cold attacks.
You have large cloven feet.
Your mind is acute. (Int +2)
You are clumsy. (Dex -2)
You evolve.


Message History

The killer bee is almost dead.
You feel sick. The killer bee stings you.
* * * LOW HITPOINT WARNING * * *
You are lethally poisoned!
The killer bee poisons you! The killer bee closely misses you.
It was a potion of mutation.
You feel extremely strange.
You feel clumsy.
Your feet thicken and deform.
You feel clever.
You feel nature experimenting on you.
Don't worry, failures die fast.
* * * LOW HITPOINT WARNING * * *
You feel sick. The killer bee closely misses you.
The killer bee barely misses you. The orc priest completely misses you.
Okay, then.
Quiver which item? (- for none, * to show all) (? for menu, Esc to quit)
Okay, then.
Evoke which item? (* to show all) (? for menu, Esc to quit)
You draw a card...
It is the Cloud.
Clouds appear around you!
* * * LOW HITPOINT WARNING * * *
You feel sick. The killer bee stings you.
You die...
Your body disappears without a glow.

#........#
###.h...##.... [#
#...# ###....####
# #
##.##...###...#.##
..÷....?#...##..#
....?..)..###..##
....)...) #..##
...y.†.E####.##
........#@y§.#
<...$.#(#o####
#.†(§§#
.......####
.....## ..... ....
).. ...


You could see a killer bee and an orc priest.

Vanquished Creatures
  An ice beast (D:5)
  A bullfrog (D:7)
  2 scorpions (D:4)
  3 killer bees (D:7)
  A howler monkey (D:6)
  2 crimson imps (D:5)
  A quasit (D:7)
  2 hounds (D:7)
  4 orc priests
  2 jellies
  A bullfrog skeleton (D:5)
  An orc wizard (D:4)
  An iguana (D:6)
  2 worker ants
  A hound skeleton (D:7)
  A howler monkey skeleton (D:6)
  16 adders
  2 worms
  4 dart slugs
  4 leopard geckos
  22 orcs
  4 giant cockroaches
  22 goblins
  17 hobgoblins
  14 kobolds
  4 quokkas
  10 bats
  7 frilled lizards
  A leopard gecko skeleton (D:4)
  13 rats
166 creatures vanquished.

Vanquished Creatures (collateral kills)
  An ogre (D:6)
  A big kobold (D:7)
  An orc priest (D:6)
  An iguana (D:6)
  An orc wizard (D:6)
  An orc (D:6)
  2 kobolds (D:7)
8 creatures vanquished.

Vanquished Creatures (others)
  A worm (D:2)
1 creature vanquished.

Grand Total: 175 creatures vanquished

Notes
Turn   | Place    | Note
-------+----------+-------------------------------------------
     0 | D:1      | sking99 the Draconian Transmuter began the quest for the Orb.
     0 | D:1      | Reached XP level 1. HP: 16/16 MP: 3/3
   394 | D:1      | Reached XP level 2. HP: 16/23 MP: 5/5
   978 | D:1      | Reached XP level 3. HP: 23/29 MP: 6/6
   993 | D:1      | Reached skill level 4 in Unarmed Combat
  2289 | D:2      | Reached XP level 4. HP: 37/37 MP: 7/7
  2503 | D:2      | Found a basalt altar of Yredelemnul.
  2503 | D:2      | Noticed a bullfrog
  2517 | D:2      | Found a transporter.
  2521 | D:2      | Found a transporter.
  3524 | D:3      | Reached skill level 5 in Unarmed Combat
  3620 | D:3      | Reached XP level 5. HP: 35/45 MP: 8/8
  4934 | D:4      | Found a sparkling altar of Nemelex Xobeh.
  4949 | D:4      | Became a worshipper of Nemelex Xobeh the Trickster
  5068 | D:4      | Reached XP level 6. HP: 25/51 MP: 7/9
  5076 | D:4      | Reached skill level 6 in Unarmed Combat
  5076 | D:4      | Reached skill level 1 in Invocations
  5374 | D:4      | Received a gift from Nemelex Xobeh
  6116 | D:5      | Entered Level 5 of the Dungeon
  6381 | D:5      | Noticed an ice beast
  6460 | D:5      | Killed an ice beast
  6460 | D:5      | Your scales start taking on a golden yellow colour.
  6460 | D:5      | Reached XP level 7. HP: 15/57 MP: 10/10
  6690 | D:5      | Learned a level 2 spell: Sticks to Snakes
  6696 | D:5      | Learned a level 5 spell: Blade Hands
  7061 | D:5      | Reached * piety under Nemelex Xobeh
  7140 | D:5      | Reached skill level 7 in Unarmed Combat
  7366 | D:5      | Received a gift from Nemelex Xobeh
  7481 | D:6      | Found a staircase to the Ecumenical Temple.
  7766 | D:6      | Received a gift from Nemelex Xobeh
  7880 | D:6      | Reached ** piety under Nemelex Xobeh
  7906 | D:6      | Reached XP level 8. HP: 58/63 MP: 11/11
  8232 | D:7      | Reached skill level 8 in Unarmed Combat
  8402 | D:7      | Gained mutation: You are clumsy. (Dex -2) [potion of mutation]
  8402 | D:7      | Gained mutation: You have large cloven feet. [potion of mutation]
  8402 | D:7      | Gained mutation: Your mind is acute. (Int +2) [potion of mutation]
  8402 | D:7      | Gained mutation: You evolve. [potion of mutation]
  8403 | D:7      | Slain by a killer bee

Vault maps used:
D:1:      kilobyte_arrival_exit_the_forest
D:2:      cheibrodos_greedy_goblins, gammafunk_temple_overflow_arena,
          grunt_ministairs_11
D:4:      first_ration, nemelex_spade_bored_becter
D:6:      temple_pool_b
D:7:      grunt_ogre_cave

Skill      XL: |  1  2  3  4  5  6  7  8 |
---------------+-------------------------+-----
Fighting       | 2 3 |  3.5
Unarmed Combat | 4 5 6 7 8 |  8.3
Invocations    | 2 3 4 |  4.3
Transmutations | 3 4 |  4.6
Dodging        | |  1.7
Spellcasting   | |  2.0

Action                   |  1- 3 |  4- 6 |  7- 9 || total
-------------------------+-------+-------+-------++-------
Melee: Unarmed           |   171 |   352 |   150 ||   673
       Tailslap          |    20 |    34 |    20 ||    74
       Punch             |     1 |     3 |     2 ||     6
       Headbutt          |     1 |     1 |       ||     2
       Kick              |       |     2 |       ||     2
 Cast: Beastly Appendage |     2 |     4 |       ||     6
 Abil: Breathe Acid      |       |       |     8 ||     8
Evoke: Wand              |       |     2 |     2 ||     4
       Deck              |       |       |     6 ||     6
  Use: Scroll            |       |     9 |       ||     9
       Potion            |       |       |     2 ||     2
 Stab: Sleeping          |     1 |     1 |       ||     2
       Distracted        |       |       |     1 ||     1
  Eat: Chunk             |     4 |    14 |     8 ||    26
Armor: Skin              |    45 |    77 |    38 ||   160
Dodge: Dodged            |    97 |   184 |    84 ||   365
Block: Other             |       |     6 |     8 ||    14

Table legend:
 A = Spawn XP
 B = Non-spawn XP
 C = Spawn XP percentage of total XP
 D = Spawn monster count
 E = Non-spawn monster count
 F = Spawn count percentage of total count
 G = Total turns spent on level
                    A         B        C        D         E        F      G
               +---------+---------+-------+---------+---------+-------+---------
         Total |       0 |    1965 |   0.0 |       0 |     175 |   0.0 |  8403
               +---------+---------+-------+---------+---------+-------+---------
           D:1 |       0 |      68 |   0.0 |       0 |      36 |   0.0 |  1781
           D:2 |       0 |     113 |   0.0 |       0 |      39 |   0.0 |  1704
           D:3 |       0 |     136 |   0.0 |       0 |      29 |   0.0 |  1113
           D:4 |       0 |     316 |   0.0 |       0 |      18 |   0.0 |  1518
           D:5 |       0 |     461 |   0.0 |       0 |      23 |   0.0 |  1341
           D:6 |       0 |     382 |   0.0 |       0 |      13 |   0.0 |   704
           D:7 |       0 |     489 |   0.0 |       0 |      17 |   0.0 |   242
               +---------+---------+-------+---------+---------+-------+---------
